cohdb
Replays
Latest Replays
All Replays
Popular Replays
Top Player Replays
Match Explorer
How It Works
Community
CoH3 Stats
Reddit
Sign in to upload your games and track your stats! →
Sign in with Steam
Match 44324122
Unlisted
Match 44324122
Overview
Messages
Build Orders
End
Scout Squad
Construct Barracks
Selects Advanced Infantry Battlegroup
Riflemen Squad
Riflemen Squad
Riflemen Squad
Construct Medical Station
Infantry Support Center
Selects Artillery Observers
Grenade Package
Engineer Squad
Construct Motor Pool
M1 Anti-tank Gun Team
Selects M2A1 105mm Howitzer Emplacement
M8 Greyhound Armored Car
M1 Anti-tank Gun Team
M1918 Browning Automatic Rifles
Selects Free Fire Drills
Selects Convert to Ranger Squad
Selects Designate Assault Position
Selects Infantry Assault
Construct Tank Depot
Engineer Squad
M4A1 Sherman Medium Tank
Looney
Arturokq
the.dude
Dan
0
0
Comments
sign in to comment!
No comments posted yet!